 Dungeon Sprint DCSS version 0.21.1-1-g345015f (webtiles) character file.

32 theY the Sneak (level 3, -1/21 HPs)
             Began as an Octopode Enchanter on June 14, 2018.
             Was a Believer of Dithmenos.
             Slain by a river rat (10 damage)
             ... in the Dungeon (Sprint VII: "The Pits").
             The game lasted 00:01:13 (355 turns).

theY the Sneak (Octopode Enchanter)                  Turns: 355, Time: 00:01:14

Health: -1/21      AC:  1    Str:  7    XL:     3   Next: 25%
Magic:  7/7        EV: 14    Int: 18    God:    Dithmenos [**....]
Gold:   0          SH:  0    Dex: 12    Spells: 4/7 levels left

rFire    . . .     SeeInvis .   j - +2 dagger
rCold    . . .     Gourm    .   (no shield)
rNeg     . . .     Faith    .   (helmet restricted)
rPois    .         Spirit   .   (no amulet)
rElec    .         Reflect  .   (no ring)
rCorr    .         Harm     .   (no ring)
MR       .....     NoTele   +   (no ring)
Stlth    +++++.....             (no ring)
HPRegen  0.07/turn              (no ring)
MPRegen  0.10/turn              (no ring)
                                (no ring)
                                (no ring)

@: wreathed by umbra
A: almost no armour, stealthy swim, amphibious, 8 rings, constrict 8, camouflage
1, gelatinous body 1
a: Shadow Step, Renounce Religion


You were in the Dungeon.
You worshipped Dithmenos.
Dithmenos was pleased with you.
You were not hungry.

You visited 1 branch

Inventory:

Hand Weapons
 a - a +1 dagger
 j - a +2 dagger (weapon)
Magical Staves
 l - an uncursed staff of energy
Scrolls
 i - a scroll of blinking
 m - 3 scrolls of remove curse
 n - 5 scrolls of amnesia
 o - a scroll of summoning
 p - 2 scrolls of vulnerability
Potions
 d - a potion of curing
 e - a potion of heal wounds
 f - a potion of haste
 g - 4 potions of magic
 h - 3 potions of berserk rage
 k - 2 potions of invisibility
Books
 b - a book of Maledictions

   Spells                             Type                      Level
   a - Corona                         Hexes                        1
   b - Ensorcelled Hibernation        Hexes/Ice                    2
   c - Confuse                        Hexes                        3
   d - Tukima's Dance                 Hexes                        3
   e - Dazzling Spray                 Conjuration/Hexes            3
Comestibles
 c - 9 rations
 q - 2 chunks of flesh


   Skills:
 + Level 1.2 Short Blades
 + Level 2.8 Dodging
 + Level 6.5 Stealth
 + Level 2.8 Spellcasting
 + Level 4.8 Hexes


You had 4 spell levels left.
You knew the following spells:

 Your Spells              Type           Power        Failure   Level  Hunger
a - Corona                Hex            ###....      2%          1    None
b - Ensorcelled Hibernat  Hex/Ice        ##....       10%         2    ##.....


Dungeon Overview and Level Annotations

Branches:
Dungeon (1/1)

Altars:
Ashenzari
Cheibriados
Dithmenos
Elyvilon
Fedhas
Gozag
Hepliaklqana
Kikubaaqudgha
Makhleb
Nemelex Xobeh
Okawaru
Qazlal
Ru
Sif Muna
Trog
Uskayaw
Vehumet
Wu Jian
Xom
Yredelemnul
Zin
The Shining One
Beogh
Jiyva
Lugonu


Innate Abilities, Weirdness & Mutations

You cannot wear most types of armour.
You are very stealthy in the water. (Stealth+)
You are amphibious.
You can wear up to eight rings at the same time.
You can use your tentacles to constrict eight enemies at once.
Your skin changes colour to match your surroundings (Stealth+).
Your rubbery body absorbs attacks. (AC +1, EV +1)


Message History

You hit the river rat but do no damage. You grab the river rat.
You squeeze the river rat, but do no damage.
You constrict the river rat, but do no damage.
The river rat completely misses you.
You hit the river rat.
The river rat is moderately wounded.
You constrict the river rat, but do no damage.
The river rat bites you.
You hit the river rat but do no damage.
The river rat is moderately wounded.
You constrict the river rat. The river rat barely misses you.
You hit the river rat but do no damage. Your squeeze misses the river rat.
The river rat is moderately wounded.
You constrict the river rat.
The river rat bites you but does no damage.
You hit the river rat.
The river rat is severely wounded.
You constrict the river rat, but do no damage.
The river rat bites you!
You die...

#_________.#
#_________.#
#_______...###########++
##########'##...........
#..(.')))'.##......#..#
##########.##..........
#.........).'...........
+#####'#####......#..#.
#.÷@r.##...........
#####'#####'#####+
#...).##.......#
#.÷r..##.......#
###h####.......# .h.
#...<...# r.h..
#.......#
......##.......#
#########.......#


You could see a river rat.

Vanquished Creatures
  2 river rats (D)
  An ooze (D)
  2 goblins (D)
  3 jackals (D)
  A quokka (D)
9 creatures vanquished.

Vanquished Creatures (others)
  A green death (D)
1 creature vanquished.

Grand Total: 10 creatures vanquished

Notes
Turn   | Place    | Note
-------+----------+-------------------------------------------
     0 | D        | theY the Octopode Enchanter began the quest for the Orb.
     0 | D        | Reached XP level 1. HP: 11/11 MP: 3/3
     6 | D        | Killed a green death
    17 | D        | Found a bloodstained altar of Trog.
    17 | D        | Found a deep blue altar of Sif Muna.
    17 | D        | Found a viscous altar of Jiyva.
    17 | D        | Found a hazy altar of Hepliaklqana.
    17 | D        | Found an opulent altar of Gozag.
    18 | D        | Found a glowing golden altar of the Shining One.
    18 | D        | Found a glowing silver altar of Zin.
    18 | D        | Found a basalt altar of Yredelemnul.
    18 | D        | Found a shimmering altar of Xom.
    18 | D        | Found an ornate altar of the Wu Jian Council.
    18 | D        | Found a sacrificial altar of Ru.
    18 | D        | Found a stormy altar of Qazlal.
    18 | D        | Found an iron altar of Okawaru.
    18 | D        | Found a sparkling altar of Nemelex Xobeh.
    18 | D        | Found a burning altar of Makhleb.
    18 | D        | Found a blossoming altar of Fedhas.
    18 | D        | Found a white marble altar of Elyvilon.
    18 | D        | Found a shadowy altar of Dithmenos.
    18 | D        | Found a snail-covered altar of Cheibriados.
    19 | D        | Found a radiant altar of Vehumet.
    19 | D        | Found a corrupted altar of Lugonu.
    19 | D        | Found a roughly hewn altar of Beogh.
    20 | D        | Found an ancient bone altar of Kikubaaqudgha.
    20 | D        | Found a hide-covered altar of Uskayaw.
    20 | D        | Found a shattered altar of Ashenzari.
    25 | D        | Became a worshipper of Dithmenos the Shadowed
    65 | D        | Reached skill level 5 in Stealth
    65 | D        | Reached XP level 2. HP: 17/17 MP: 5/5
    77 | D        | Learned a level 2 spell: Ensorcelled Hibernation
   321 | D        | Reached * piety under Dithmenos
   340 | D        | Reached skill level 6 in Stealth
   342 | D        | Reached ** piety under Dithmenos
   349 | D        | Reached XP level 3. HP: 14/21 MP: 7/7
   355 | D        | Slain by a river rat

Skill      XL: |  1  2 |
---------------+-------+-----
Stealth        | 5 6 |  6.5
Hexes          | 4 |  4.8
Short Blades   | |  1.2
Dodging        | |  2.8
Spellcasting   | |  2.8

Action                   || total
-------------------------++-------
Melee: Dagger            ||    30
       Tentacles         ||     6
       Constrict         ||     3
 Stab: Sleeping          ||     4
Armor: Skin              ||     1
Dodge: Dodged            ||    15
